 Dungeon Crawl Stone Soup version 0.27-a0-1188-g73eefd5def (webtiles) character file.

Game seed: 9588485495028120651

5779 Zardul the Cutter (level 10, -2/86 HPs)
             Began as a Black Draconian Berserker on May 20, 2021.
             Was a Priest of Trog.
             Slain by a bullfrog (6 damage)
             ... on level 1 of the Lair of Beasts.
             The game lasted 00:44:30 (9053 turns).

Zardul the Cutter (Black Draconian Berserker)       Turns: 9053, Time: 00:44:30

Health: -2/86      AC: 10    Str: 23    XL:     10   Next: 50%
Magic:  10/10      EV: 12    Int:  8    God:    Trog [***...]
Gold:   266        SH: 12    Dex: 10    Spells: 9/9 levels left

rFire    + . .     SeeInvis .   q - +4 short sword (drain)
rCold    . . .     Faith    .   y - +2 kite shield
rNeg     . . .     Spirit   .   (armour unavailable)
rPois    .         Reflect  .   (helmet restricted)
rElec    +         Harm     .   l - +2 cloak {Stlth+}
rCorr    .         Rampage  .   (no gloves)
Will     ++...                  (no boots)
Stlth    +++.......             H - amulet of regeneration
HPRegen  2.24/turn              w - ring of protection from fire
MPRegen  0.12/turn              (no ring)

@: short of breath, strong-willed (expiring), regenerating (expiring)
A: breathe lightning, AC +7, unfitting armour, electricity resistance,
cold-blooded
a: Breathe Lightning, Renounce Religion, Berserk, Trog's Hand


You were on level 1 of the Lair of Beasts.
You worshipped Trog.
Trog was most pleased with you.
You visited 2 branches of the dungeon, and saw 9 of its levels.

You collected 632 gold pieces.
You spent 366 gold pieces at shops.

Inventory:

Hand Weapons
 a - a +0 falchion
 j - a +0 mace
 k - a +2 quarterstaff of chaos
 o - a +0 hunting sling
 q - a +4 short sword of draining (weapon)
 x - a +2 war axe of flaming
Missiles
 d - 248 stones
 e - a throwing net (quivered)
 h - 38 sling bullets
 n - 29 boomerangs
 F - 6 javelins
Armour
 l - a +2 cloak of stealth (worn)
 y - a +2 kite shield (worn)
Jewellery
 w - a ring of protection from fire (left hand)
 A - a ring of wizardry
 H - an amulet of regeneration (around neck)
Wands
 D - a wand of flame (7)
Scrolls
 b - 2 scrolls of noise
 m - 3 scrolls of immolation
 s - 6 scrolls of teleportation
 t - 3 scrolls of fog
 u - a scroll of magic mapping
 z - 2 scrolls of identify
 B - 4 scrolls of amnesia
Potions
 c - a potion of attraction
 f - a potion of berserk rage
 g - a potion of lignification
 i - a potion of cancellation
 p - a potion of curing
 v - a potion of mutation
 C - a potion of invisibility
 E - a potion of heal wounds
 G - a potion of brilliance {unknown}


   Skills:
 + Level 7.0 Fighting
 + Level 7.5(8.2) Short Blades
 + Level 4.9(6.9) Long Blades
 + Level 5.7 Throwing
 + Level 6.5 Dodging
 + Level 4.0 Stealth
 + Level 5.6 Shields
 + Level 2.8 Evocations


You had 9 spell levels left.
You didn't know any spells.
Your spell library was empty.

Dungeon Overview and Level Annotations

Branches:
Dungeon (8/15)             Temple (0/1) D:7            Lair (1/6) D:8

Altars:
Fedhas
Hepliaklqana
Nemelex Xobeh
Qazlal
Beogh

Shops:
D:4 ![?*

Annotations:
D:7 1 runed translucent door, askman's ghost, novice DsFi


Innate Abilities, Weirdness & Mutations

You can breathe wild blasts of lightning.
Your glossy black scales are hard. (AC +7)
You cannot fit into any form of body armour.
You are resistant to electric shocks. (rElec)
You are cold-blooded and may be slowed by cold attacks.


Message History

The plant is lightly damaged.
You feel very sick. You block the cane toad's attack.
The bullfrog closely misses you. The cane toad stings you!
* * * LOW HITPOINT WARNING * * *
You are lethally poisoned!
The cane toad poisons you!
* * * LOW HITPOINT WARNING * * *
You feel extremely sick. The cane toad closely misses you.
Unknown command.
You are a level 10 Black Draconian Berserker.
You are 50% of the way to level 11.
Play time: 00:43:52 (9050 turns).
Zot will find you in 5770 turns if you stay in this branch and explore no new floors.
You feel much better.
You feel extremely sick. The cane toad stings you.
* * * LOW HITPOINT WARNING * * *
You are lethally poisoned!
The cane toad poisons you! The cane toad stings you.
* * * LOW HITPOINT WARNING * * *
You are more poisoned.
The cane toad poisons you!
* * * LOW HITPOINT WARNING * * *
You feel extremely sick.
You are a level 10 Black Draconian Berserker.
You are 50% of the way to level 11.
Play time: 00:44:06 (9052 turns).
Zot will find you in 5768 turns if you stay in this branch and explore no new floors.
You feel better.
A nearby plant withers and dies.
The cane toad closely misses you.
You breathe a wild blast of lightning!
You hear a mighty clap of thunder!
The orb of electricity explodes!
You feel the effects of Trog's Hand fading.
You hear a loud, deep croak!
You hear a howl! x3; You hear a bellow! x4
You block the bullfrog's attack. The cane toad stings you!
* * * LOW HITPOINT WARNING * * *
The cane toad stings you but does no damage.
The bullfrog hits you.
You die...

#.........#.## # #...........# #
##### #......##..## .##.####
##...###....# .#P....#
##.###.....## .......#
##.#..#....## .......#
####...##....#### ##.....##
###P#F...#P.......###
##.....####...F@...†........#.##
#.#...........F##..............#
#####.....########........####..
#..#### #....>...# ### #..##
#........# # #..## ##..>#P### #
#..# #...### ## ...# #... #. ..#
#. ##


You could see 2 cane toads and a bullfrog.

Vanquished Creatures
  A hydra (Lair:1)
  A deep elf pyromancer (D:8)
  A cane toad (Lair:1)
  3 yaks (D:8)
  Menkaure (D:7)
  Duvessa (D:7)
  4 water moccasins
  An orc warrior (D:8)
  A sky beast (D:8)
  A black bear (D:5)
  An ice beast (D:8)
  4 ogres
  A centaur (D:5)
  6 bullfrogs
  A scorpion (D:6)
  A water moccasin zombie (D:5)
  2 wyvern skeletons
  Dowan (D:7)
  3 killer bees
  A howler monkey (D:3)
  2 hounds
  A jelly (D:6)
  Crazy Yiuf (D:2)
  3 bullfrog skeletons (D:6)
  A gnoll shaman (D:8)
  7 orc priests
  3 iguanas
  10 orc wizards
  A scorpion zombie (D:5)
  A killer bee zombie (D:7)
  A hound skeleton (D:2)
  4 gnolls (D:8)
  7 adders
  A howler monkey skeleton (D:5)
  A shadow imp (D:5)
  3 white imps (D:6)
  An ufetubus (D:3)
  2 adder skeletons (D:4)
  3 dart slugs
  34 orcs
  4 bats (D:1)
  6 endoplasms
  4 giant cockroaches
  11 goblins
  8 hobgoblins
  3 jackals (D:2)
  4 quokkas
  3 ball pythons
  4 frilled lizards
  6 kobolds
  4 rats
  A spectral goblin (D:4)
181 creatures vanquished.

Vanquished Creatures (collateral kills)
  Harold (D:7)
  A gargoyle (D:7)
  A yak (D:8)
  An orc (D:8)
4 creatures vanquished.

Vanquished Creatures (others)
  7 fungi
  9 plants
16 creatures vanquished.

Grand Total: 201 creatures vanquished

Notes
Turn   | Place    | Note
-------+----------+-------------------------------------------
     0 | D:1      | Zardul the Draconian Berserker began the quest for the Orb.
     0 | D:1      | Reached XP level 1. HP: 19/19 MP: 1/1
   335 | D:1      | Reached XP level 2. HP: 26/26 MP: 2/2
   889 | D:2      | Reached XP level 3. HP: 20/33 MP: 3/3
  1046 | D:2      | Found a runed translucent door.
  1047 | D:2      | Noticed Crazy Yiuf
  1057 | D:2      | Killed Crazy Yiuf
  1219 | D:2      | Reached ** piety under Trog
  1249 | D:2      | Reached XP level 4. HP: 39/40 MP: 4/4
  1300 | D:2      | Found a blossoming altar of Fedhas.
  1952 | D:3      | Reached XP level 5. HP: 47/47 MP: 5/5
  2408 | D:3      | Reached skill level 1 in Stealth
  2741 | D:3      | Reached XP level 6. HP: 53/53 MP: 6/6
  3055 | D:4      | Found Arhigid's Magic Scroll Emporium.
  3062 | D:4      | Reached *** piety under Trog
  3064 | D:4      | Bought a scroll of identify for 20 gold pieces
  3064 | D:4      | Bought a scroll of identify for 20 gold pieces
  3064 | D:4      | Bought a scroll of magic mapping for 35 gold pieces
  3064 | D:4      | Bought a scroll of teleportation for 30 gold pieces
  3064 | D:4      | Bought a scroll of enchant weapon for 75 gold pieces
  3073 | D:4      | Found Amoecs's Assorted Antiques.
  3144 | D:4      | Reached skill level 1 in Short Blades
  3617 | D:4      | Found a hazy altar of Hepliaklqana.
  3661 | D:4      | Found Tifouf's Distillery.
  3666 | D:4      | Bought a potion of curing for 36 gold pieces
  3762 | D:4      | Found Takoic's Antique Armour Shop.
  3841 | D:4      | Reached skill level 1 in Throwing
  3871 | D:5      | Entered Level 5 of the Dungeon
  3912 | D:5      | Your scales start taking on a glossy black colour.
  3912 | D:5      | Reached XP level 7. HP: 60/60 MP: 7/7
  3912 | D:5      | Gained mutation: You are resistant to electric shocks.
                  | (rElec) [Black Draconian growth]
  3920 | D:5      | Found a stormy altar of Qazlal.
  3953 | D:5      | Reached skill level 5 in Fighting
  4399 | D:6      | Reached XP level 8. HP: 23/68 MP: 8/8
  4642 | D:6      | Reached skill level 1 in Shields
  4852 | D:6      | Found a blossoming altar of Fedhas.
  5357 | D:7      | Noticed Dowan
  5599 | D:7      | Killed Dowan
  5602 | D:7      | Noticed Duvessa
  5621 | D:7      | Killed Duvessa
  5621 | D:7      | Reached **** piety under Trog
  5622 | D:7      | Reached skill level 5 in Short Blades
  5852 | D:8      | Reached XP level 9. HP: 14/75 MP: 9/9
  5856 | D:8      | HP: 3/75 [bounced beam (9)]
  5857 | D:8      | Reached skill level 1 in Evocations
  5862 | D:8      | Reached skill level 5 in Dodging
  5879 | D:8      | Noticed a deep elf pyromancer
  5894 | D:8      | Killed a deep elf pyromancer
  5895 | D:8      | Reached skill level 5 in Throwing
  6596 | D:7      | Noticed a gargoyle
  7254 | D:4      | Bought a wooden ring for 125 gold pieces
  7254 | D:4      | Bought a scroll labelled ROSYBR GYEWUDWA for 25 gold pieces
  7345 | D:7      | Killed a gargoyle
  7351 | D:7      | Noticed Harold
  7352 | D:7      | Reached XP level 10. HP: 67/84 MP: 10/10
  7358 | D:7      | Killed Harold
  7359 | D:7      | Reached skill level 5 in Shields
  7500 | D:7      | Found a sparkling altar of Nemelex Xobeh.
  7591 | D:7      | Found a staircase to the Ecumenical Temple.
  7669 | D:7      | Found a runed translucent door.
  7670 | D:7      | Noticed askman's ghost (novice DsFi)
  8024 | D:7      | Noticed Menkaure
  8046 | D:7      | Killed Menkaure
  8477 | D:8      | Found a staircase to the Lair.
  8819 | Lair:1   | Entered Level 1 of the Lair of Beasts
  8834 | Lair:1   | Noticed a cane toad
  8841 | Lair:1   | Killed a cane toad
  8966 | Lair:1   | Noticed a seven-headed hydra
  8978 | Lair:1   | Killed a seven-headed hydra
  9016 | Lair:1   | Noticed a cane toad
  9019 | Lair:1   | Noticed a cane toad
  9053 | Lair:1   | HP: 4/86 [cane toad (13)]
  9053 | Lair:1   | Slain by a bullfrog

Illustrated notes

Levels and vault maps discovered:
D:1:      dpeg_arrival_rooms_b, layout_basic
D:2:      layout_loops_ring, basic_altar, minmay_divided_ellipse,
          uniq_crazy_yiuf_cottage
D:3:      minmay_evil_eye, layout_loops_ring, small_statue_intersection,
          kennysheep_orc_chapel
D:4:      layout_rooms, nicolae_hepliaklqana_monster_ancestors, serial_shops,
          shop, nicolae_shop_stone, nicolae_shop_crystal, kennysheep_little_box
D:5:      layout_basic, nicolae_qazlal_general_emergency
D:6:      layout_loops_ring, lemuel_tele_altar, grunt_ministairs_15,
          minmay_misc_feat_alley
D:7:      layout_loops_cross, nemelex_xobeh_ov_fountains_minmay,
          minmay_temple_entry_sparse_star, ebering_ghost_reflecting_pool,
          corexii_item_surrounded_by_moat, uniq_duvessa, uniq_menkaure,
          uniq_harold
D:8:      layout_rooms, grunt_lair_entry_orc_guard_hut, special_room
          [special_room_orc], kennysheep_generic_room_8
Lair:1:   layout_cave_pods

Skill      XL: |  1  2  3  4  5  6  7  8  9 10 |
---------------+-------------------------------+-----
Fighting       | 4 5 6 7 |  7.0
Dodging        | 3 4 5 6 |  6.5
Long Blades    | 4 |  4.9
Stealth        | 1 2 3 4 |  4.0
Short Blades   | 2 3 5 6 7 |  7.5
Throwing       | 1 3 4 5 |  5.7
Shields        | 3 4 5 |  5.6
Evocations     | 2 |  2.8

Action                   |  1- 3 |  4- 6 |  7- 9 | 10-12 || total
-------------------------+-------+-------+-------+-------++-------
Melee: Falchion          |    68 |    51 |       |       ||   119
       Tailslap          |    11 |    17 |    33 |    13 ||    74
       Short sword       |       |    95 |   242 |    67 ||   404
Throw: Boomerang         |       |    44 |    65 |     9 ||   118
       Throwing net      |       |       |     1 |     2 ||     3
Invok: Berserk           |       |     2 |       |       ||     2
       Trog's Hand       |       |     3 |     3 |     3 ||     9
       Brothers in Arms  |       |       |     2 |       ||     2
 Abil: Breathe Lightning |       |       |     6 |     3 ||     9
Evoke: Wand              |       |       |    20 |     4 ||    24
  Use: Scroll            |       |    13 |    13 |       ||    26
       Potion            |       |       |     2 |     2 ||     4
 Stab: Sleeping          |       |     6 |     3 |     1 ||    10
Armor: Skin              |    24 |    51 |    94 |     9 ||   178
Dodge: Dodged            |    58 |    86 |   139 |    15 ||   298
Block: Kite shield       |       |       |   151 |    40 ||   191
       Rpst.: Falchion   |    20 |    10 |       |       ||    30

Table legend: (Time is in decaauts)
 A = Elapsed time spent in this place.
 B = Non-inter-level travel time spent in this place.
 C = Inter-level travel time spent in this place.
 D = Time resting spent in this place.
 E = Time spent auto-exploring this place.
 F = Levels seen in this place.
 G = Mean time per level.
                   A        B        C        D        E       F      G
               +--------+--------+--------+--------+--------+-----+--------+
         Total |   9090 |   8464 |    626 |     25 |   6813 |   9 | 1010.0 |
       Dungeon |   8858 |   8237 |    621 |     25 |   6688 |   8 | 1107.2 |
          Lair |    232 |    227 |      5 |      0 |    125 |   1 |  232.0 |
               +--------+--------+--------+--------+--------+-----+--------+

Top non-repeatable levels by time:
     D:6: 1618 daAuts
     D:7: 1456 daAuts
     D:2: 1307 daAuts
     D:3: 1105 daAuts
     D:8: 1084 daAuts
     D:4: 1039 daAuts
     D:1: 657 daAuts
     D:5: 589 daAuts
  Lair:1: 232 daAuts
